 Dungeon Crawl Stone Soup version 0.19-a0-611-gb5a7e8d (webtiles) character file.

1290 shmeve the Skirmisher (level 8, -11/106 HPs)
             Began as a Minotaur Fighter on June 13, 2016.
             Was a Follower of Trog.
             Mangled by an orc warrior
             ... wielding a +0 trident
              (21 damage)
             ... on level 6 of the Dungeon.
             The game lasted 00:08:31 (4626 turns).

shmeve the Skirmisher (Minotaur Fighter)            Turns: 4626, Time: 00:08:34

Health: -11/106    AC:  9    Str: 26    XL:     8   Next: 30%
Magic:  7/7        EV:  8    Int:  5    God:    Trog [*.....]
Gold:   298        SH: 11    Dex: 12    Spells: 0 memorised, 7 levels left

rFire  + . .     SeeInvis .     a - +0 war axe
rCold  + . .     Gourm    .     q - +0 chain mail
rNeg   . . .     Faith    .     A - +0 shield {rF+}
rPois  .         Spirit   .     (helmet restricted)
rElec  .         Dismiss  .     (no cloak)
rCorr  .         Reflect  .     (no gloves)
SustAt .         Harm     .     (no boots)
MR     .....                    (no amulet)
Stlth  ..........               x - ring of stealth
                                n - ring of protection from cold

@: berserking, very quick, not resistant to hostile enchantments, extremely
unstealthy
A: retaliatory headbutt, horns 2
a: Berserk, Burn Spellbooks, Renounce Religion


You were on level 6 of the Dungeon.
You worshipped Trog.
Trog was aware of your devotion.
You were hungry.

You visited 2 branches of the dungeon, and saw 7 of its levels.

You collected 298 gold pieces.

Inventory:

Hand Weapons
 a - a +0 war axe (weapon)
 b - a +0 hunting sling
Missiles
 y - 17 sling bullets
Armour
 q - a +0 chain mail (worn)
 A - a +0 shield of fire resistance (worn)
Jewellery
 n - a ring of protection from cold (left hand)
 x - a ring of stealth (right hand)
Scrolls
 e - 3 scrolls of teleportation {unknown}
 h - a scroll of immolation {unknown}
 j - 6 scrolls of identify {unknown}
 k - 2 scrolls of magic mapping {unknown}
 l - 3 scrolls of random uselessness {unknown}
 m - a scroll of enchant weapon {unknown}
 p - 5 scrolls of fog {unknown}
 r - 2 scrolls of enchant armour {unknown}
 z - 3 scrolls of remove curse {unknown}
Potions
 d - 3 potions of might
 g - a potion of berserk rage {unknown}
 i - 8 potions of curing {unknown}
 s - 2 potions of mutation {unknown}
 t - a potion of beneficial mutation {unknown}
 B - a potion of cancellation {unknown}
Comestibles
 f - 3 bread rations
 o - 2 meat rations
 u - 3 beef jerkies
 v - 2 fruits
 w - 2 slices of pizza


   Skills:
 * Level 6.7 Fighting
 * Level 6.1 Axes
 + Level 2.9 Slings
 + Level 5.3 Armour
 + Level 4.1 Dodging
 * Level 6.6 Shields


You had 7 spell levels left.
You didn't know any spells.

Dungeon Overview and Level Annotations

Branches:
Dungeon (6/15)             Temple (1/1) D:4

Altars:
Ashenzari
Dithmenos
Elyvilon
Fedhas
Gozag
Hepliaklqana
Kikubaaqudgha
Makhleb
Nemelex Xobeh
Okawaru
Pakellas
Qazlal
Ru
Sif Muna
Trog
Vehumet
Xom
Yredelemnul


Innate Abilities, Weirdness & Mutations

You reflexively headbutt those who attack you in melee.
You have a pair of horns on your head.


Message History

Your headbutt misses the orc warrior.
The orc warrior is almost dead.
You barely miss the hound.
The hound is heavily wounded.
You closely miss the phantom.
The phantom is moderately damaged.
The hound closely misses you. You furiously retaliate!
You headbutt the hound!
You kill the hound!
Trog accepts your kill. The phantom hits you.
* * * LOW HITPOINT WARNING * * *
You block the orc warrior's attack.
A red film seems to cover your vision as you go berserk!
You feel yourself moving faster!
You feel mighty!
You are feeling hungry.
The phantom hits you.
* * * LOW HITPOINT WARNING * * *
The phantom blinks!
The orc warrior hits you with a trident!!
You die...

####### #### #.....
...## # #.##.###....###
..#.###.##.##........
>.......@<)##.....#
........§o........#
......#.#####.....#
........<####..##.#
....[..#...>...##.###
.........####.......###
....... ## #.........#
....... #..##.#.#.# #
##.### #..##.#.#.#


You could see an orc warrior.

Vanquished Creatures
  Sigmund (D:2)
  Menkaure (D:5)
  2 ogres (D:6)
  2 phantoms
  A scorpion (D:4)
  A crimson imp (D:5)
  A centaur zombie (D:5)
  2 hounds
  3 orc priests
  A giant frog skeleton (D:6)
  Jessica (D:3)
  An iguana (D:4)
  An orc wizard (D:5)
  Ijyb (D:2)
  2 worker ants (D:4)
  Terence (D:2)
  A hound skeleton (D:6)
  Robin (D:3)
  5 adders
  A shadow imp (D:5)
  An ooze (D:2)
  An adder skeleton (D:5)
  A dart slug (D:1)
  3 giant geckos
  16 orcs
  3 giant cockroaches
  15 goblins
  13 hobgoblins
  7 jackals
  A quokka (D:2)
  2 ball pythons
  6 bats
  2 giant newts
  4 kobolds
  A quokka skeleton (D:5)
  10 rats
116 creatures vanquished.

Vanquished Creatures (others)
  A human (D:5)
1 creature vanquished.

Grand Total: 117 creatures vanquished

Notes
Turn   | Place    | Note
--------------------------------------------------------------
     0 | D:1      | shmeve the Minotaur Fighter began the quest for the Orb.
     0 | D:1      | Reached XP level 1. HP: 19/19 MP: 0/0
   114 | D:1      | Reached XP level 2. HP: 27/27 MP: 1/1
   644 | D:2      | Noticed Ijyb
   657 | D:2      | Killed Ijyb
   657 | D:2      | Reached skill level 1 in Dodging
   657 | D:2      | Reached XP level 3. HP: 27/33 MP: 2/2
   691 | D:2      | Noticed Sigmund
   705 | D:2      | Killed Sigmund
   705 | D:2      | Reached skill level 5 in Fighting
   705 | D:2      | Reached XP level 4. HP: 34/42 MP: 3/3
   705 | D:2      | Reached XP level 5. HP: 39/48 MP: 4/4
   904 | D:2      | Found a sacrificial altar of Ru.
  1061 | D:2      | Noticed Terence
  1070 | D:2      | Killed Terence
  1171 | D:2      | Reached XP level 6. HP: 55/56 MP: 5/5
  1387 | D:3      | Noticed Jessica
  1391 | D:3      | Killed Jessica
  1445 | D:3      | Noticed Robin
  1452 | D:3      | Killed Robin
  1840 | D:3      | Reached skill level 1 in Slings
  2155 | D:4      | Reached skill level 5 in Shields
  2170 | D:4      | Reached XP level 7. HP: 62/62 MP: 6/6
  2263 | D:4      | Found a staircase to the Ecumenical Temple.
  2305 | Temple   | Entered the Ecumenical Temple
  2420 | Temple   | Became a worshipper of Trog the Wrathful
  2433 | D:4      | Reached skill level 5 in Axes
  3068 | D:5      | Entered Level 5 of the Dungeon
  3133 | D:5      | Noticed Menkaure
  3135 | D:5      | Found a shadowy altar of Dithmenos.
  3142 | D:5      | Killed Menkaure
  3431 | D:5      | Reached skill level 5 in Armour
  3481 | D:5      | Reached XP level 8. HP: 62/71 MP: 7/7
  3518 | D:5      | Found an ancient bone altar of Kikubaaqudgha.
  3580 | D:5      | Found a stormy altar of Qazlal.
  3581 | D:5      | Found a deep blue altar of Sif Muna.
  3583 | D:5      | Found an oddly glowing altar of Pakellas.
  3627 | D:5      | Found a hazy altar of Hepliaklqana.
  3629 | D:5      | Found a shimmering altar of Xom.
  4159 | D:6      | Found a blossoming altar of Fedhas.
  4614 | D:6      | Reached * piety under Trog
  4626 | D:6      | Mangled by an orc warrior

Vault maps used:
D:1:      dpeg_arrival_renting
D:2:      old_standard_altar, first_bread, uniq_sigmund, uniq_iyjb, uniq_terence
D:3:      uniq_robin, uniq_jessica
D:4:      kennysheep_the_goblin_king, minmay_temple_entry_statues_pillars
D:5:      nicolae_dithmenos_shadow_blocks, nicolae_overflow_hidden_temple,
          tgw_kikubaaqudgha, uniq_menkaure
D:6:      lemuel_round_altar, enter_ossuary_2, nicolae_zen_rock_garden,
          minmay_liquid_box
Temple:   jpeg_temple_clearing_9

Skill      XL: |  1  2  3  4  5  6  7  8 |
---------------+-------------------------+-----
Fighting       | 4 5 6 |  6.7
Dodging        | 1 2 3 4 |  4.1
Shields        | 4 5 6 |  6.6
Axes           | 3 4 5 6 |  6.1
Armour         | 4 5 |  5.3
Slings         | 1 2 |  2.9

Action                   |  1- 3 |  4- 6 |  7- 9 || total
-------------------------+-------+-------+-------++-------
Melee: War axe           |    38 |   136 |   130 ||   304
       Headbutt          |     5 |    21 |    32 ||    58
Invok: Berserk           |       |       |     1 ||     1
  Eat: Chunk             |       |     3 |     9 ||    12
Armor: Scale mail        |     9 |    10 |       ||    19
       Chain mail        |       |    69 |    61 ||   130
Dodge: Dodged            |    11 |    50 |    49 ||   110
Block: Shield            |    19 |    90 |    68 ||   177
